 Dungeon Crawl Stone Soup version 0.27-a0-1206-g6342a01c75 (webtiles) character file.

Game seed: 3783449121700570108

210208 Froggeryz the Scorcher (level 18, -5/105 HPs)
             Began as a Tengu Fire Elementalist on June 4, 2021.
             Was the Champion of Vehumet.
             Killed from afar by Nikola (25 damage)
             ... with a chain lightning
             ... on level 3 of the Swamp on June 5, 2021.
             The game lasted 01:46:16 (51840 turns).

Froggeryz the Scorcher (Tengu Fire Elementalist)   Turns: 51840, Time: 01:46:16

Health: -5/105     AC:  9    Str: 13    XL:     18   Next: 84%
Magic:  13/41      EV: 23    Int: 21    God:    Vehumet [******]
Gold:   3240       SH: 21    Dex: 20    Spells: 12/35 levels left

rFire    + + +     SeeInvis .   e - staff of fire
rCold    + + .     Faith    .   y - +2 kite shield {rF+}
rNeg     . . .     Spirit   .   N - +2 robe of Dochac {+Inv rF+ Dex+4}
rPois    +         Reflect  +   K - +2 hat
rElec    .         Harm     .   I - scarf {repulsion}
rCorr    .         Rampage  .   V - +2 pair of gloves
Will     +....                  (boots unavailable)
Stlth    ++........             k - amulet of reflection
HPRegen  0.27/turn              X - ring "Xeutot" {rPois rC++ Str+3}
MPRegen  0.27/turn              q - ring of magical power

@: flying quickly and evasively, studying Armour, repel missiles, quick
A: beak, talons 3, nimble flight
}: 1/15 runes: serpentine
a: Renounce Religion, Evoke Invisibility


You were on level 3 of the Swamp.
You worshipped Vehumet.
Vehumet was exalted by your worship.
You visited 6 branches of the dungeon, and saw 28 of its levels.
You also visited: Bailey and Ice Cave.

You collected 4546 gold pieces.
You spent 1306 gold pieces at shops.

Inventory:

Hand Weapons
 U - the +9 staff of Wucad Mu {*channel}
   (You found it in an ice cave)
Missiles
 b - 3 throwing nets
 s - 12 curare-tipped darts
Armour
 y - a +2 kite shield of fire resistance (worn)
 I - a scarf of repulsion (worn)
 K - a +2 hat (worn)
 N - the +2 robe of Dochac (worn) {+Inv rF+ Dex+4}
   (You found it on level 1 of the Lair of Beasts)

   It affects your dexterity (+4).
   It protects you from fire.
   It lets you turn invisible.
 V - a +2 pair of gloves (worn)
 Y - a +2 robe of willpower
Magical Staves
 e - a staff of fire (weapon)
Jewellery
 k - an amulet of reflection (around neck)
 m - a ring of ice
 n - a ring of willpower
 q - a ring of magical power (right hand)
 u - a ring of resist corrosion
 M - a ring of protection from fire
 R - an amulet of magic regeneration
 X - the ring "Xeutot" (left hand) {rPois rC++ Str+3}
   (You bought it in a shop on level 12 of the Dungeon)

   [ring of poison resistance]

   It affects your strength (+3).
   It greatly protects you from cold.
   It protects you from poison.
Wands
 i - a wand of mindburst (29)
 p - a wand of charming (20)
 D - a wand of digging (17)
 F - a wand of paralysis (17)
 G - a wand of flame (10)
 J - a wand of iceblast (41)
 O - a wand of polymorph (13)
Scrolls
 h - 7 scrolls of magic mapping
 j - 5 scrolls of enchant weapon
 o - 2 scrolls of holy word
 r - 5 scrolls of teleportation
 v - a scroll of torment
 x - 4 scrolls of immolation
 B - 5 scrolls of amnesia
 C - 7 scrolls of identify
 H - 6 scrolls of enchant armour
 P - a scroll of fog
 Q - 2 scrolls of summoning
 S - 2 scrolls of silence
 T - 3 scrolls of brand weapon
Potions
 a - 2 potions of resistance {unknown}
 c - 3 potions of cancellation
 d - 5 potions of haste
 f - 7 potions of might
 g - 12 potions of curing
 l - 3 potions of brilliance
 t - a potion of heal wounds
 w - 3 potions of magic
 z - a potion of invisibility {unknown}
 E - a potion of lignification {unknown}
 L - 3 potions of ambrosia


   Skills:
 - Level 9.2 Fighting
 - Level 2.4 Staves
 - Level 5.0 Armour
 - Level 10.4 Dodging
 - Level 2.0 Stealth
 - Level 15.3 Shields
 - Level 9.1 Spellcasting
 * Level 18.2 Conjurations
 - Level 20.0 Fire Magic
 - Level 5.0 Earth Magic
 + Level 7.6 Evocations


You had 12 spell levels left.
You knew the following spells:

 Your Spells              Type           Power      Damage    Failure   Level
a - Foxfire               Conj/Fire      100%       2x1d9     0%          1
b - Sticky Flame          Conj/Fire      94%        2d10      1%          4
c - Fireball              Conj/Fire      47%        3d19      1%          5
d - Orb of Destruction    Conj           36%        9d13      1%          7
e - Iron Shot             Conj/Erth      27%        9d6       2%          6

Your spell library contained the following spells:

 Spells                   Type           Power      Damage    Failure   Level
 Conjure Ball Lightning   Conj/Air       23%        3x3d6     7%          6
 Magic Dart               Conj           100%       1d8       0%          1
 Searing Ray              Conj           100%       3d7       0%          2
 Conjure Flame            Conj/Fire      94%        6-21      0%          3
 Shock                    Conj/Air       100%       1d9       1%          1
 Static Discharge         Conj/Air       47%        N/A       1%          2
 Dazzling Flash           Conj/Hex       94%        N/A       1%          3
 Ignite Poison            Fire/Tmut/Pois 54%        N/A       1%          3
 Inner Flame              Hex/Fire       67%        N/A       1%          3
 Fulminant Prism          Conj/Hex       23%        3d13      1%          4
 Iskenderun's Mystic Bla  Conj/Tloc      47%        2d10      1%          4
 Bolt of Magma            Conj/Fire/Erth 40%        4d17      1%          5
 Irradiate                Conj/Tmut      23%        3d21      1%          5
 Iskenderun's Battlesphe  Conj           72%        2d12      1%          5
 Lightning Bolt           Conj/Air       23%        1d39      1%          5
 Starburst                Conj/Fire      47%        8x6d13    1%          6
 Ignition                 Fire           48%        3d14      3%          8
 Animate Skeleton         Necr           18%        N/A       7%          1
 Apportation              Tloc           18%        N/A       7%          1
 Beastly Appendage        Tmut           18%        N/A       7%          1
 Corona                   Hex            10%        N/A       7%          1
 Pain                     Necr           36%        1d5       7%          1
 Summon Small Mammal      Summ           36%        N/A       7%          1
 Sublimation of Blood     Necr           4%         N/A       11%         2
 Wereblood                Tmut           9%         N/A       11%         2
 Airstrike                Air            4%         N/A       17%         4
 Lesser Beckoning         Tloc           4%         N/A       22%         3
 Spider Form              Tmut/Pois      4%         N/A       22%         3
 Swiftness                Air            9%         N/A       22%         3
 Tukima's Dance           Hex            9%         N/A       22%         3
 Vampiric Draining        Necr           4%         2d6       22%         3
 Freezing Cloud           Conj/Ice/Air   17%        6-21      22%         6
 Animate Armour           Summ/Erth      40%        N/A       26%         4
 Leda's Liquefaction      Hex/Erth       10%        N/A       26%         4
 Petrify                  Tmut/Erth      20%        N/A       26%         4
 Spellforged Servitor     Conj/Summ      23%        N/A       34%         7
 Animate Dead             Necr           4%         N/A       56%         4
 Ice Form                 Ice/Tmut       9%         N/A       56%         4
 Summon Ice Beast         Ice/Summ       9%         N/A       56%         4
 Agony                    Necr           9%         N/A       89%         5
 Alistair's Intoxication  Tmut/Pois      6%         N/A       89%         5
 Hydra Form               Tmut           4%         N/A       89%         5
 Eringya's Noxious Bog    Tmut/Pois      4%         N/A       92%         6
 Statue Form              Tmut/Erth      13%        N/A       98%         6
 Invisibility             Hex            9%         N/A       100%        6
 Simulacrum               Ice/Necr       4%         N/A       100%        6
 Ozocubu's Refrigeration  Ice            4%         4d5       100%        7
 Shatter                  Erth           15%        3d15*     100%        9


Dungeon Overview and Level Annotations

Branches:
Dungeon (12/15)            Temple (1/1) D:5            Lair (6/6) D:11
  Swamp (3/4) Lair:4        Snake (4/4) Lair:2        Slime (0/5) Lair:5
    Orc (2/2) D:11            Elf (0/3) Orc:2        Bailey (visited)
  IceCv (visited)

Altars:
Ashenzari
Cheibriados
Dithmenos
Elyvilon
Fedhas
Gozag
Hepliaklqana
Kikubaaqudgha
Makhleb
Nemelex Xobeh
Okawaru
Qazlal
Ru
Sif Muna
Trog
Uskayaw
Vehumet
Wu Jian
Xom
Yredelemnul
Zin
The Shining One
Jiyva

Shops:
D:6 *   D:12 =   Orc:1 (   Orc:2 =(*[   Snake:3 [

Annotations:
D:4 2 transporters, Froggeryz's ghost, amateur TeFE
D:9 1 runed translucent door
Swamp:3 Nikola


Innate Abilities, Weirdness & Mutations

You have a beak for a mouth.
You have claws for feet.
Your magical nature lets you fly swiftly and evasively.


Message History

Nikola is lightly wounded.
Nikola is engulfed in a cloud of scalding steam.
Casting: Fireball (safe; 1% risk of failure)
Confirm with . or Enter, or press ? or * to list all spells.
Aiming: Iron Shot (dangerous; 2% risk of failure)
Press: ? - help, Shift-Dir - straight line, f/p - Nikola
Aim: Nikola, wielding a +3 rapier of electrocution, wearing a +0 cloak and wearing a +0 pair of gloves (lightly wounded, 75% to hit)
The iron shot hits Nikola!!
Nikola is moderately wounded.
Casting: Iron Shot (dangerous; 2% risk of failure)
Confirm with . or Enter, or press ? or * to list all spells.
Aiming: Iron Shot (dangerous; 2% risk of failure)
Press: ? - help, Shift-Dir - straight line, f/p - Nikola
Aim: Nikola, wielding a +3 rapier of electrocution, wearing a +0 cloak and wearing a +0 pair of gloves (steam, moderately wounded, 75% to hit)
The iron shot hits Nikola!!
Nikola is heavily wounded.
Nikola is engulfed in a cloud of scalding steam.
Casting: Iron Shot (dangerous; 2% risk of failure)
Confirm with . or Enter, or press ? or * to list all spells.
Aiming: Iron Shot (dangerous; 2% risk of failure)
Press: ? - help, Shift-Dir - straight line, f/p - Nikola
Aim: Nikola, wielding a +3 rapier of electrocution, wearing a +0 cloak and wearing a +0 pair of gloves (heavily wounded, 75% to hit)
The iron shot hits Nikola!!
Nikola is severely wounded.
Nikola points at you and mumbles some strange words.
The bolt of lightning hits you!!!
The mangrove smoulders and burns.
Casting: Iron Shot (dangerous; 2% risk of failure)
Confirm with . or Enter, or press ? or * to list all spells.
Aiming: Iron Shot (dangerous; 2% risk of failure)
Press: ? - help, Shift-Dir - straight line, f/p - Nikola
Aim: Nikola, wielding a +3 rapier of electrocution, wearing a +0 cloak and wearing a +0 pair of gloves (severely wounded, 75% to hit)
The iron shot hits Nikola!!
Nikola is almost dead.
Nikola mumbles some strange words.
You hear a mighty clap of thunder!
The lightning arc hits you!
The lightning arc hits Nikola.
The lightning arc hits you!!
* * * LOW HITPOINT WARNING * * *
The lightning arc hits Nikola.
The lightning arc hits you!!
You die...

♣.≈≈≈≈≈.♣ .≈≈.≈..
♣♣♣..≈≈≈♣♣ ♣≈.≈≈≈♣
♣♣.≈≈≈.♣♣♣♣♣♣.≈.♣
♣.≈.≈≈.♣≈≈≈..♣.♣ ♣♣
♣≈≈§≈≈§≈≈.<...≈♣♣.♣
♣♣≈≈.§..≈≈≈≈≈♣≈...♣
♣.≈≈≈§@§.≈≈≈≈≈≈≈≈.♣
♣♣)♣♣♣♣≈.≈...=≈≈≈..♣
♣♣..♣♣♣♣@≈≈†≈.≈≈.≈≈♣♣
♣♣≈..≈.<.≈♣.≈≈♣.♣.≈.♣
.
♣♣.≈≈.≈..♣§○♣♣♣♣♣≈≈.♣♣
§♣♣♣♣♣♣..♣.≈≈.♣♣♣♣♣
♣♣≈§♣ ♣..♣≈≈.....♣.♣♣
♣♣≈♣♣ ♣.......♣♣♣♣♣
♣♣.♣ ♣♣....≈♣♣ ♣.♣
♣♣♣♣.♣♣ ♣♣♣ ♣♣♣


You could see Nikola.

Vanquished Creatures
  Kirke (Lair:6)
  The ghost of Cinuhuh the Thaumaturge, an adept DrCj of Vehumet (Swamp:2)
  6 nagarajas (Snake:4)
  A fenstrider witch (Swamp:2)
  Donald (Swamp:1)
  Roxanne (Swamp:2)
  2 orc warlords
  Aizul (Snake:1)
  A frost giant (IceCv)
  2 bunyips
  Azrael (Snake:1)
  2 eleionomae
  An ice dragon (Lair:5)
  4 boulder beetles
  3 salamander tyrants
  22 naga warriors
  2 ghost crabs
  12 hydras
  3 catoblepae
  10 alligators
  2 two-headed ogres
  A deep troll shaman (Lair:6)
  11 anacondas
  4 death yaks
  3 orc high priests (Orc:2)
  12 shock serpents
  22 naga sharpshooters
  5 salamander mystics
  3 goliath frogs
  3 sea snakes (Snake:2)
  11 naga ritualists
  2 bog bodies (Swamp:1)
  3 swamp dragons
  Pikel (D:7)
  8 orc knights
  2 orc sorcerers (Orc:2)
  An oklob plant (Lair:1)
  A mana viper (shapeshifter) (D:8)
  A cyclops (D:12)
  2 ugly things
  9 mana vipers
  20 salamanders
  A will-o-the-wisp (Swamp:3)
  35 elephants
  2 manticores
  4 guardian serpents
  An ice statue (IceCv)
  A torpor snail (Lair:6)
  22 naga magi
  45 black mambas
  7 cane toads
  A gargoyle (D:12)
  2 unseen horrors
  Maggie (Lair:2)
  5 rime drakes
  9 komodo dragons
  3 trolls
  3 bloated husks
  Grinder (D:6)
  18 polar bears
  2 tyrant leeches
  3 hornets
  20 blink frogs
  A slime creature (D:10)
  7 dream sheep
  2 shadows
  58 yaks
  2 spriggans
  A vampire (D:10)
  3 hogs (Lair:6)
  5 wyverns
  3 fire elementals (Lair:2)
  2 humans (Lair:6)
  6 basilisks
  Menkaure (D:4)
  7 swamp worms
  3 wargs (Orc:2)
  33 nagas
  20 water moccasins
  An acid dragon (D:10)
  5 hell hounds
  2 swamp drakes
  A hornet zombie (D:7)
  56 orc warriors
  3 black bears
  7 ogres
  40 wolves
  A centaur (D:8)
  A lemure (D:7)
  A phantom (D:4)
  A kobold brigand (D:8)
  16 bullfrogs
  2 gnoll sergeants (D:9)
  A wyvern zombie (D:6)
  2 scorpions (D:6)
  A wyvern skeleton (D:7)
  7 killer bees
  4 wights (D:7)
  5 electric eels
  4 centaur zombies
  4 hounds
  26 orc priests
  A bullfrog zombie (D:6)
  A gnoll shaman (D:7)
  5 jellies
  A centaur skeleton (D:6)
  Crazy Yiuf (D:4)
  A bullfrog skeleton (D:6)
  4 iguanas
  6 hell rats (Lair:4)
  37 orc wizards
  4 howler monkey zombies
  Robin (D:3)
  A howler monkey skeleton (D:6)
  12 gnolls
  2 adders (D:6)
  A white imp (D:6)
  An ufetubus (D:6)
  2 worms
  94 orcs
  8 ball pythons
  9 endoplasms
  2 giant cockroaches
  18 goblins
  18 hobgoblins
  10 jackals
  6 quokkas
  10 bats
  6 frilled lizards
  11 kobolds
  9 rats
  A foxfire (Snake:4)
1018 creatures vanquished.

Vanquished Creatures (collateral kills)
  29 foxfires
29 creatures vanquished.

Vanquished Creatures (others)
  A polar bear (IceCv)
  5 yaks (IceCv)
  A naga (Snake:3)
  6 wolves (IceCv)
  7 ball lightnings (Swamp:2)
  1919 foxfires
  39 fungi
  64 plants
2042 creatures vanquished.

Grand Total: 3089 creatures vanquished

Notes
Turn   | Place    | Note
-------+----------+-------------------------------------------
     0 | D:1      | Froggeryz the Tengu Fire Elementalist began the quest for
                  | the Orb.
     0 | D:1      | Reached XP level 1. HP: 10/10 MP: 4/4
   258 | D:1      | Reached XP level 2. HP: 15/15 MP: 4/6
   832 | D:1      | Reached skill level 4 in Fire Magic
  1026 | D:1      | Reached XP level 3. HP: 19/19 MP: 4/7
  1864 | D:2      | Found a faded altar of an unknown god.
  2154 | D:2      | Reached XP level 4. HP: 23/24 MP: 4/8
  2420 | D:3      | Noticed Robin
  2422 | D:3      | Reached skill level 5 in Fire Magic
  3068 | D:3      | Gained mutation: Your magical nature lets you fly swiftly
                  | and evasively. [Tengu growth]
  3068 | D:3      | Reached XP level 5. HP: 28/28 MP: 0/9
  3558 | D:3      | Killed Robin
  3622 | D:4      | Noticed Menkaure
  3627 | D:4      | Killed Menkaure
  3628 | D:4      | Reached skill level 6 in Fire Magic
  3628 | D:4      | Reached XP level 6. HP: 32/32 MP: 4/10
  3803 | D:4      | Found a transporter.
  3805 | D:4      | Found a transporter.
  3805 | D:4      | Identified the +6 great mace of Pandemonium {flame, rC+}
  3807 | D:4      | Noticed Froggeryz's ghost (amateur TeFE)
  4036 | D:4      | Reached skill level 5 in Conjurations
  4752 | D:4      | Found a runed translucent door.
  4753 | D:4      | Noticed Crazy Yiuf
  4851 | D:4      | Learned a level 4 spell: Sticky Flame
  5016 | D:4      | Identified Simaimud's Guide on Transformation and
                  | Malediction
  5361 | D:4      | Killed Crazy Yiuf
  5362 | D:4      | Reached skill level 7 in Fire Magic
  5411 | D:5      | Entered Level 5 of the Dungeon
  5487 | D:5      | Reached XP level 7. HP: 34/36 MP: 11/11
  5770 | D:5      | Found a staircase to the Ecumenical Temple.
  5887 | Temple   | Entered the Ecumenical Temple
  6325 | D:5      | Found a white marble altar of Elyvilon.
  6759 | D:6      | Reached skill level 8 in Fire Magic
  7078 | D:6      | Reached XP level 8. HP: 41/41 MP: 14/14
  7160 | D:6      | Found a hide-covered altar of Uskayaw.
  7162 | D:6      | Found a shimmering blue altar of Sif Muna.
  7166 | D:6      | Found a radiant altar of Vehumet.
  7167 | D:6      | Noticed Grinder
  7168 | D:6      | Found a basalt altar of Yredelemnul.
  7168 | D:6      | Found an opulent altar of Gozag.
  7168 | D:6      | Found a burning altar of Makhleb.
  7170 | D:6      | Became a worshipper of Vehumet
  7179 | D:6      | Killed Grinder
  7180 | D:6      | Reached skill level 9 in Fire Magic
  7180 | D:6      | Found an ornate altar of the Wu Jian Council.
  7181 | D:6      | Found a bloodstained altar of Trog.
  7883 | D:6      | Found Toynuam's Serpentskin Sales.
  8261 | D:7      | Reached skill level 10 in Fire Magic
  8348 | D:7      | Found a glowing golden altar of the Shining One.
  8383 | D:7      | Found a flagged portal.
  8395 | Bailey   | Entered a bailey
  8455 | Bailey   | Reached skill level 5 in Spellcasting
  8455 | Bailey   | Reached XP level 9. HP: 18/45 MP: 17/17
  9025 | Bailey   | Reached * piety under Vehumet
  9025 | Bailey   | Offered knowledge of Sandblast by Vehumet.
  9050 | Bailey   | HP: 2/45 [orc/bolt (9)]
  9362 | Bailey   | Reached skill level 11 in Fire Magic
  9665 | Bailey   | Reached skill level 1 in Fighting
  9751 | Bailey   | Noticed an orc knight
 10133 | Bailey   | Killed an orc knight
 10568 | D:7      | Noticed Pikel
 10612 | D:7      | Killed Pikel
 10613 | D:7      | Reached XP level 10. HP: 57/57 MP: 19/19
 11188 | D:7      | Offered knowledge of Shock by Vehumet.
 11390 | D:7      | Reached ** piety under Vehumet
 11855 | D:8      | Noticed a mana viper
 11857 | D:8      | Reached skill level 5 in Fighting
 11861 | D:8      | Killed a mana viper
 12129 | D:8      | Identified a scroll of acquirement
 12129 | D:8      | Acquired 836 gold pieces
 12629 | D:8      | Offered knowledge of Static Discharge by Vehumet.
 12682 | D:8      | Learned a level 5 spell: Fireball
 13559 | D:9      | Found a viscous altar of Jiyva.
 13579 | D:9      | Reached *** piety under Vehumet
 13631 | D:9      | Reached skill level 10 in Dodging
 13810 | D:9      | Offered knowledge of Ignite Poison by Vehumet.
 13829 | D:9      | Found a sacrificial altar of Ru.
 13918 | D:9      | Noticed a fire dragon
 13918 | D:9      | Noticed a yaktaur captain
 13918 | D:9      | Noticed a fire giant
 13919 | D:9      | Found a runed translucent door.
 13921 | D:9      | Noticed a deep elf archer
 13921 | D:9      | Noticed an orc high priest
 13921 | D:9      | Noticed a deep troll earth mage
 13921 | D:9      | Noticed a harpy
 13921 | D:9      | Noticed a yaktaur captain
 14233 | D:10     | Entered Level 10 of the Dungeon
 14244 | D:10     | Reached XP level 11. HP: 39/66 MP: 18/20
 14570 | D:10     | Found a sparkling altar of Nemelex Xobeh.
 14583 | D:10     | Found a hazy altar of Hepliaklqana.
 14633 | D:10     | Reached skill level 1 in Armour
 14932 | D:10     | Identified the +4 hand axe of Gallantry {vorpal, rN+ Will+
                  | Int+4}
 15107 | D:10     | Noticed a two-headed ogre
 15140 | D:10     | Killed a two-headed ogre
 15252 | D:10     | Reached skill level 5 in Armour
 15338 | D:10     | Reached skill level 1 in Shields
 15755 | D:10     | Reached **** piety under Vehumet
 15898 | D:11     | Noticed a white ugly thing
 15921 | D:11     | Killed a white ugly thing
 16096 | D:11     | Offered knowledge of Olgreb's Toxic Radiance by Vehumet.
 16099 | D:11     | Reached skill level 1 in Staves
 16119 | D:11     | Reached skill level 5 in Shields
 16357 | D:11     | Found a staircase to the Lair.
 16445 | D:11     | Noticed a manticore
 16455 | D:11     | Killed a manticore
 16691 | D:11     | Found a staircase to the Orcish Mines.
 16880 | D:11     | Acquired a +2 kite shield of fire resistance
 16902 | Lair:1   | Entered Level 1 of the Lair of Beasts
 17494 | Lair:1   | Reached XP level 12. HP: 67/73 MP: 21/21
 17844 | Lair:1   | Noticed an eight-headed hydra
 17858 | Lair:1   | Killed an eight-headed hydra
 18200 | Lair:1   | Reached skill level 12 in Fire Magic
 18272 | Lair:1   | Reached skill level 10 in Shields
 18608 | Lair:1   | Identified the +2 robe of Dochac {+Inv rF+ Dex+4}
 18675 | Lair:2   | Found a staircase to the Snake Pit.
 19125 | Lair:2   | Noticed Maggie
 19131 | Lair:2   | Killed Maggie
 19810 | Lair:2   | Noticed a boulder beetle
 20047 | Lair:2   | Killed a boulder beetle
 20139 | Lair:2   | Noticed a five-headed hydra
 20149 | Lair:2   | Killed a five-headed hydra
 20151 | Lair:2   | Reached skill level 13 in Fire Magic
 20162 | Lair:2   | Reached ***** piety under Vehumet
 20650 | Lair:3   | Offered knowledge of Spellforged Servitor by Vehumet.
 20651 | Lair:3   | Reached XP level 13. HP: 76/78 MP: 22/22
 22723 | Lair:3   | Reached skill level 14 in Fire Magic
 23277 | Lair:4   | Found a staircase to the Swamp.
 23955 | Lair:5   | Found a staircase to the Slime Pits.
 23955 | Lair:5   | Found a viscous altar of Jiyva.
 24008 | Lair:5   | Identified the +9 short sword of Imuakempit {protect, rPois
                  | Str+6 Dex-2}
 24040 | Lair:5   | Offered knowledge of Orb of Destruction by Vehumet.
 24053 | Lair:5   | Reached skill level 15 in Shields
 24318 | Lair:5   | Reached XP level 14. HP: 84/84 MP: 20/23
 24383 | Lair:5   | Found a frozen archway.
 24430 | IceCv    | Entered an ice cave
 25066 | IceCv    | Found the +9 staff of Wucad Mu {*channel}
 25691 | IceCv    | Reached skill level 15 in Fire Magic
 25957 | IceCv    | Noticed a frost giant
 25962 | IceCv    | Killed a frost giant
 27286 | Lair:6   | Entered Level 6 of the Lair of Beasts
 27733 | Lair:5   | Reached skill level 16 in Fire Magic
 27921 | Lair:5   | Offered knowledge of Starburst by Vehumet.
 28424 | Lair:6   | Reached XP level 15. HP: 79/88 MP: 19/24
 28427 | Lair:6   | Reached skill level 10 in Conjurations
 28862 | Lair:6   | Reached skill level 17 in Fire Magic
 29652 | Lair:6   | Noticed Kirke
 29654 | Lair:6   | Noticed a sphinx
 29660 | Lair:6   | Killed Kirke
 30377 | Orc:1    | Entered Level 1 of the Orcish Mines
 30957 | Orc:1    | Found Hauts's Antique Weapon Shoppe.
 31216 | Orc:2    | Entered Level 2 of the Orcish Mines
 31418 | Orc:2    | Noticed an orc warlord
 31420 | Orc:2    | Offered knowledge of Bolt of Magma by Vehumet.
 31699 | Orc:2    | Found Diakk's General Store.
 31701 | Orc:2    | Paralysed by an orc sorcerer for 5 turns
 32270 | Orc:2    | Noticed an orc warlord
 32278 | Orc:2    | HP: 3/85 [soul eater/drain life[an orc high priest] (15)]
 32603 | Orc:1    | Killed an orc warlord
 32732 | Orc:1    | Reached skill level 18 in Fire Magic
 33480 | Orc:1    | Learned a level 5 spell: Bolt of Magma
 33733 | Orc:2    | Killed an orc warlord
 33945 | Orc:2    | Found Taujel's Jewellery Shop.
 33995 | Orc:2    | Found Vaurugio's Antique Weapon Shop.
 34076 | Orc:2    | Found Ennanasic's Antique Armour Shoppe.
 34145 | Orc:2    | Found a staircase to the Elven Halls.
 34185 | Orc:2    | Bought an amulet of reflection for 360 gold pieces
 34462 | Orc:2    | Bought a glowing scarf for 184 gold pieces
 34502 | D:11     | Upgraded the game from 0.27-a0-1202-ge72e49191c to
                  | 0.27-a0-1206-g6342a01c75
 34574 | Snake:1  | Entered Level 1 of the Snake Pit
 34604 | Snake:1  | Reached skill level 1 in Earth Magic
 34814 | Snake:1  | Noticed Azrael
 35114 | Snake:1  | Killed Azrael
 35268 | Snake:1  | Reached XP level 16. HP: 93/93 MP: 12/25
 36022 | Snake:1  | Reached skill level 5 in Earth Magic
 36332 | Snake:2  | Noticed Aizul
 37223 | Snake:1  | Killed Aizul
 39879 | Snake:3  | Offered knowledge of Iron Shot by Vehumet.
 39890 | Snake:3  | Learned a level 6 spell: Iron Shot
 40836 | Snake:3  | Reached XP level 17. HP: 100/100 MP: 31/31
 41302 | Snake:3  | Reached skill level 19 in Fire Magic
 41414 | Snake:3  | Found Ceoviet's Antique Armour Shop.
 42238 | Snake:4  | Entered Level 4 of the Snake Pit
 43552 | Snake:4  | Reached skill level 1 in Evocations
 43557 | Snake:4  | Reached ****** piety under Vehumet
 44782 | Snake:4  | Reached skill level 15 in Conjurations
 45453 | Snake:4  | Offered knowledge of Yara's Violent Unravelling by Vehumet.
 45454 | Snake:4  | Reached skill level 5 in Evocations
 45580 | Snake:3  | Reached XP level 18. HP: 65/105 MP: 5/32
 47293 | Snake:4  | Got a serpentine rune of Zot
 47534 | Swamp:1  | Entered Level 1 of the Swamp
 48391 | D:12     | Found Oloquib's Jewellery Shop.
 48414 | D:12     | Bought the ring "Xeutot" {rPois rC++ Str+3} for 762 gold
                  | pieces
 49050 | Swamp:1  | Identified the +3 flail of Jiecy {freeze, rElec rPois Will+
                  | rCorr}
 49257 | Swamp:1  | Reached skill level 20 in Fire Magic
 49346 | Swamp:1  | Offered knowledge of Conjure Ball Lightning by Vehumet.
 49896 | Swamp:2  | Noticed Donald
 50018 | Swamp:1  | Killed Donald
 50295 | Swamp:2  | Found a runed translucent door.
 50305 | Swamp:2  | Noticed Cinuhuh's ghost (adept DrCj)
 50679 | Swamp:1  | Acquired a book of Power
 50689 | Swamp:1  | Learned a level 7 spell: Orb of Destruction
 50703 | Swamp:2  | Killed Cinuhuh's ghost
 51258 | Swamp:2  | Noticed Roxanne
 51267 | Swamp:2  | Killed Roxanne
 51833 | Swamp:3  | Noticed Nikola
 51840 | Swamp:3  | Killed from afar by Nikola

Illustrated notes

Levels and vault maps discovered:
D:1:      dpeg_arrival_subterranean_lakeside_camping, layout_loops_ring
D:2:      layout_rooms, basic_ecumenical_altar, st_stairs_9, minmay_mini_jars
D:3:      cheibrodos_greedy_goblins, layout_basic, minmay_misc_feat_room,
          uniq_robin
D:4:      layout_layer_cave, gammafunk_ghost_smash, hex_medium,
          kennysheep_crisscross, minmay_starry_boxes, uniq_crazy_yiuf_cottage,
          uniq_menkaure
D:5:      layout_basic, elyvilon_altar_5, minmay_temple_entry_nine_rooms,
          grunt_decor_resistance
D:6:      layout_loops_ring, minitemple, guppyfry_shop_venom, uniq_grinder
D:7:      layout_loops_ring, lemuel_doored_altar, enter_bailey_6,
          grunt_decor_mini_mirrors, uniq_pikel
D:8:      layout_rooms, hangedman_decor_slide_cut, kennysheep_island_fort
D:9:      minmay_gate_of_8, layout_loops_ring, kennysheep_mini_moat,
          jiyva_altar_1
D:10:     layout_cave_pods, overflow_temple_1_default, kennysheep_mini,
          minmay_door_square, chequers_serial_rivers_micro_e, minmay_microvault
D:11:     layout_cave_pools, david_lair_generic
D:12:     layout_cave_pools, serial_shops, shop_coins
Temple:   compressed_dpeg_triangle_lava_temple
Lair:1:   layout_hall_layers, serial_bayou, serial_bayou_pond_a,
          serial_bayou_shore_b, serial_bayou_pond_b, serial_bayou_lagoon_b,
          serial_bayou_crossing, beast_lair_carwin_2, serial_bayou_shore_b,
          minmay_lair_oklob_chamber
Lair:2:   nzn_winding_woodlands_huge [nzn_winding_woodlands_5x15_parted,
          nzn_winding_woodlands_5x15_pathside_ponds,
          nzn_winding_woodlands_5x15_zeroes, nzn_winding_woodlands_5x15_default,
          nzn_winding_woodlands_5x15_river_crossing,
          nzn_winding_woodlands_5x15_crooked, nzn_winding_woodlands_5x15_garden,
          nzn_winding_woodlands_5x15_default, nzn_winding_woodlands_5x15_cabin,
          nzn_winding_woodlands_5x15_longhouse,
          nzn_winding_woodlands_center_garden,
          nzn_winding_woodlands_center_diamonds,
          nzn_winding_woodlands_15x15_killbox], layout_hall_layers,
          dummy_snake_entry, serial_bayou_shore_b, serial_bayou_shore_b,
          uniq_maggie
Lair:3:   layout_misc_corridors, minmay_holes
Lair:4:   layout_cave_pods, minmay_swamp_entry_worms, grunt_megastairs_5
Lair:5:   layout_regular_city, slime_altar_1,
          portal_ice_cave_entry_animals_and_master, infiniplex_staircase_pool,
          grunt_megastairs_3
Lair:6:   grunt_lair_end_beastmaster, layout_gridlike, uniq_kirke
Swamp:1:  layout_basic_swamp, evilmike_swamp_ruin_rubble_2, swamp_pool4,
          nicolae_swamp_triple_paths, st_swamp_ruins_1
Swamp:2:  layout_basic_swamp, ebering_ghost_reflecting_pool,
          evilmike_swamp_ruin_house_5, swamp_pool3, uniq_donald, uniq_roxanne
Swamp:3:  layout_falls_marsh, evilmike_swamp_ruin_house_1, uniq_nikola
Snake:1:  layout_misc_corridors, uniq_azrael
Snake:2:  layout_onion, serial_bayou_shore_a, uniq_aizul
Snake:3:  cheibrodos_snake_ritualist_ritual, layout_onion, serial_shops,
          nicolae_shop_crystal
Snake:4:  snake_pit, layout_rooms, fake_guardian_serpent_vault
Orc:1:    layout_diamond_mine, serial_shops, shop_coins
Orc:2:    grunt_orc_gardens, layout_caves, grunt_orc_garden, grunt_orc_garden,
          grunt_orc_garden, grunt_orc_garden

Skill      XL: |  1  2  3  4  5  6  7  8  9 10 11 12 13 14 15 16 17 18 |
---------------+-------------------------------------------------------+-----
Conjurations   | 2 3 4 5 9 12 15 18 | 18.2
Fire Magic     | 4 5 6 7 8 10 11 13 14 16 18 19 20 | 20.0
Spellcasting   | 3 5 9 |  9.1
Fighting       | 4 6 8 9 |  9.2
Dodging        | 7 10 | 10.4
Armour         | 5 |  5.0
Shields        | 8 12 15 | 15.3
Staves         | 2 |  2.4
Earth Magic    | 3 5 |  5.0
Evocations     | 5 7 |  7.6
Stealth        | |  2.0

Action                   |  1- 3 |  4- 6 |  7- 9 | 10-12 | 13-15 | 16-18 || total
-------------------------+-------+-------+-------+-------+-------+-------++-------
Melee: Unarmed           |     7 |       |       |       |       |       ||     7
       Kick              |     2 |     2 |     8 |    15 |    73 |    75 ||   175
       Peck              |     1 |     2 |     5 |    13 |    48 |    45 ||   114
       Staff             |     6 |    12 |    19 |    70 |   246 |   192 ||   545
 Cast: Foxfire           |    78 |   119 |   226 |   487 |   200 |    54 ||  1164
       Sticky Flame      |       |       |    18 |    62 |   101 |    63 ||   244
       Fireball          |       |       |       |    35 |   278 |   344 ||   657
       Bolt of Magma     |       |       |       |       |    36 |    44 ||    80
       Iron Shot         |       |       |       |       |       |   136 ||   136
       Orb of Destructio |       |       |       |       |       |     9 ||     9
Evoke: Wand              |       |       |     1 |     4 |     9 |       ||    14
  Use: Scroll            |       |     7 |     2 |    17 |     8 |     4 ||    38
       Potion            |       |       |     2 |       |     4 |     1 ||     7
 Stab: Sleeping          |       |       |     2 |     1 |       |       ||     3
Armor: Robe              |     3 |    13 |    14 |    62 |   128 |    44 ||   264
Dodge: Dodged            |    11 |    20 |    60 |   232 |   413 |   192 ||   928
       Repelled          |       |       |       |       |       |     3 ||     3
Block: Kite shield       |       |       |       |       |   472 |   381 ||   853
       Reflection        |       |       |       |       |     3 |    93 ||    96

Table legend: (Time is in decaauts)
 A = Elapsed time spent in this place.
 B = Non-inter-level travel time spent in this place.
 C = Inter-level travel time spent in this place.
 D = Time resting spent in this place.
 E = Time spent auto-exploring this place.
 F = Levels seen in this place.
 G = Mean time per level.
                   A        B        C        D        E       F      G
               +--------+--------+--------+--------+--------+-----+--------+
         Total |  50049 |  48009 |   2040 |  14595 |  25583 |  30 | 1668.3 |
       Dungeon |  15477 |  14597 |    880 |   1807 |  10469 |  12 | 1289.8 |
        Temple |    266 |    244 |     22 |      0 |    242 |   1 |  266.0 |
          Lair |  11779 |  11044 |    735 |   3370 |   5683 |   6 | 1963.2 |
         Swamp |   3012 |   2973 |     39 |    820 |   1780 |   3 | 1004.0 |
     Snake Pit |  12116 |  11904 |    212 |   4778 |   5293 |   4 | 3029.0 |
  Orcish Mines |   3403 |   3253 |    150 |   1804 |    882 |   2 | 1701.5 |
        Bailey |   2095 |   2095 |      0 |   1269 |    419 |   1 | 2095.0 |
      Ice Cave |   1897 |   1897 |      0 |    747 |    812 |   1 | 1897.0 |
               +--------+--------+--------+--------+--------+-----+--------+

Top non-repeatable levels by time:
 Snake:3: 5068 daAuts
  Lair:2: 3059 daAuts
 Snake:4: 2981 daAuts
 Snake:1: 2607 daAuts
   Orc:1: 2565 daAuts
  Lair:5: 2416 daAuts
  Bailey: 2095 daAuts
   IceCv: 1897 daAuts
    D:11: 1866 daAuts
  Lair:1: 1810 daAuts
 Swamp:1: 1770 daAuts
  Lair:6: 1748 daAuts
     D:4: 1659 daAuts
  Lair:4: 1502 daAuts
    D:10: 1466 daAuts
